 Dungeon Crawl Stone Soup version 0.22-a0-369-gc73351f (webtiles) character file.

1243 w00t the Shield-Bearer (level 8, 0/100 HPs)
             Began as a Gnoll Fighter on Apr 25, 2018.
             Slain by a killer bee (5 damage)
             ... on level 7 of the Dungeon.
             The game lasted 00:07:35 (5215 turns).

w00t the Shield-Bearer (Gnoll Fighter)              Turns: 5215, Time: 00:07:35

Health: 0/100      AC: 24    Str: 25    XL:     8   Next: 50%
Magic:  12/12      EV:  2    Int: 15    God:
Gold:   267        SH: 12    Dex: 21    Spells: 13/13 levels left

rFire    + . .     SeeInvis .   b - +0 flail
rCold    . . .     Gourm    .   c - +0 shield
rNeg     + + +     Faith    .   (armour currently unavailable)
rPois    +         Spirit   .   (helmet currently unavailable)
rElec    .         Reflect  .   (cloak currently unavailable)
rCorr    .         Harm     .   (gloves currently unavailable)
MR       .....     Rnd*Rage +   (boots currently unavailable) Stlth ++++......NoTele +
                                (no amulet)
HPRegen  0.26/turn              x - ring of protection from fire {rF+, !d}
MPRegen  0.13/turn              (no ring)

@: mighty, brilliant, agile, lethally poisoned (0 -> -1), tree-form
A: distributed training, berserk 1, strong nose
a: no special abilities


You were on level 7 of the Dungeon.
You were not hungry.
You were a tree.
You visited 1 branch of the dungeon, and saw 7 of its levels.

You collected 267 gold pieces.

Inventory:

Hand Weapons
 a - a +0 war axe
 b - a +0 flail (weapon)
 n - a +0 halberd
Missiles
 e - 10 tomahawks (quivered)
 h - 26 sling bullets
 i - 186 stones
 o - a throwing net {=f, !d}
Armour
 c - a +0 shield (worn)
 q - a +1 cloak (melded)
 C - a +0 plate armour (melded)
 D - a +1 pair of gloves
Jewellery
 x - a ring of protection from fire (left branch) {rF+, !d}
Wands
 y - a wand of random effects (23)
Scrolls
 j - 4 scrolls of remove curse {@r2}
 l - 2 scrolls of fog
 p - 2 scrolls of noise {!r}
 t - 4 scrolls of identify {@r1}
 u - a scroll of blinking {unknown}
 z - a scroll of immolation {unknown}
 A - a scroll of teleportation
 B - 3 scrolls of amnesia
Potions
 m - a potion of lignification {!q}
Comestibles
 f - 7 rations


   Skills:
 + Level 7.4 Fighting
 + Level 3.2 Short Blades
 + Level 3.2 Long Blades
 + Level 5.7 Axes
 + Level 3.2 Maces & Flails
 + Level 3.2 Polearms
 + Level 3.2 Staves
 + Level 3.2 Slings
 + Level 3.2 Bows
 + Level 3.2 Crossbows
 + Level 3.2 Throwing
 + Level 7.4 Armour
 + Level 3.2 Dodging
 + Level 3.2 Stealth
 + Level 7.4 Shields
 + Level 3.2 Unarmed Combat
 + Level 3.2 Spellcasting
 + Level 2.6 Conjurations
 + Level 2.6 Hexes
 + Level 2.6 Charms
 + Level 2.6 Summonings
 + Level 2.6 Necromancy
 + Level 2.6 Translocations
 + Level 2.6 Transmutations
 + Level 2.6 Fire Magic
 + Level 2.6 Ice Magic
 + Level 2.6 Air Magic
 + Level 2.6 Earth Magic
 + Level 2.6 Poison Magic
 + Level 3.6 Invocations
 + Level 3.2 Evocations


You had 13 spell levels left.
You didn't know any spells.

Dungeon Overview and Level Annotations

Branches:
Dungeon (6/15)
 Temple: D:4-7

Altars:
Ashenzari
Cheibriados
Elyvilon
Fedhas
Gozag
Nemelex Xobeh
Ru
Sif Muna
Trog
Yredelemnul
The Shining One


Innate Abilities, Weirdness & Mutations

Your experience applies equally to all skills.
((You have extremely sharp teeth.))
Your uncanny sense of smell can sniff out nearby items.
((You are partially covered in icy blue scales. (AC +2)))
You tend to lose your temper in combat.


Message History

You sock the killer bee!
The killer bee is severely wounded.
You block the killer bee's attack.
The killer bee stings you but does no damage. x2
The crimson imp blinks!
You block the killer bee's attack. The orc priest barely misses you.
The killer bee stings you but does no damage.
You hear an angry growl.
You sock the orc priest!
The orc priest is heavily wounded.
You feel sick. You block the killer bee's attack. x4
The orc priest hits you but does no damage.
The killer bee stings you but does no damage.
The crimson imp blinks!
You sock the orc priest!
You kill the orc priest!
You feel sick. You block the killer bee's attack.
The killer bee stings you but does no damage. x2
The killer bee stings you.
You die...

∆ ..! ## ......
!.##. #.#...
####hZ.... .....
##y♣§o..P..
.#...##hy##oo_...
.......sy...Po...
#
###.#..##.h....5
..# #.s.##
...##..
..s?###..# ### .
#....>.####
##........#
.#..###....##


You could see a black bear, a scorpion, a hound, 3 killer bees, an orc wizard, a
crimson imp, 2 orcs and a bullfrog zombie.

Vanquished Creatures
  Sigmund (D:2)
  A black bear (D:4)
  An ogre (D:4)
  2 centaurs (D:6)
  A bullfrog (D:6)
  A scorpion (D:6)
  A howler monkey (D:4)
  2 centaur zombies
  2 crimson imps (D:5)
  2 orc priests
  A hound (D:5)
  An orc wizard (D:4)
  A bullfrog skeleton (D:6)
  An iron imp (D:6)
  Jessica (D:2)
  A worker ant (D:4)
  A hound skeleton (D:5)
  7 gnolls
  5 adders
  2 adder skeletons
  3 worms
  A dart slug (D:4)
  7 leopard geckos
  13 orcs
  3 giant cockroaches
  6 hobgoblins
  7 jackals
  8 kobolds
  2 quokkas
  8 bats
  2 frilled lizards
  4 goblins
  A jackal skeleton (D:5)
  A leopard gecko skeleton (D:4)
  A quokka skeleton (D:4)
  A quokka zombie (D:5)
  7 rats
110 creatures vanquished.

Notes
Turn   | Place    | Note
-------+----------+-------------------------------------------
     0 | D:1      | w00t the Gnoll Fighter began the quest for the Orb.
     0 | D:1      | Reached XP level 1. HP: 23/23 MP: 1/1
   142 | D:1      | Reached XP level 2. HP: 29/29 MP: 2/2
   565 | D:2      | Found a shattered altar of Ashenzari.
   604 | D:2      | Noticed Jessica
   609 | D:2      | Killed Jessica
   609 | D:2      | Reached skill level 1 in Invocations
   609 | D:2      | Reached XP level 3. HP: 35/35 MP: 2/4
   762 | D:2      | Noticed Sigmund
   770 | D:2      | Killed Sigmund
   770 | D:2      | Reached skill level 1 in Short Blades
   770 | D:2      | Reached skill level 1 in Long Blades
   770 | D:2      | Reached skill level 1 in Maces & Flails
   770 | D:2      | Reached skill level 1 in Polearms
   770 | D:2      | Reached skill level 1 in Staves
   770 | D:2      | Reached skill level 1 in Slings
   770 | D:2      | Reached skill level 1 in Bows
   770 | D:2      | Reached skill level 1 in Crossbows
   770 | D:2      | Reached skill level 1 in Throwing
   770 | D:2      | Reached skill level 1 in Dodging
   770 | D:2      | Reached skill level 1 in Stealth
   770 | D:2      | Reached skill level 1 in Unarmed Combat
   770 | D:2      | Reached skill level 1 in Spellcasting
   770 | D:2      | Reached skill level 1 in Conjurations
   770 | D:2      | Reached skill level 1 in Hexes
   770 | D:2      | Reached skill level 1 in Charms
   770 | D:2      | Reached skill level 1 in Summonings
   770 | D:2      | Reached skill level 1 in Necromancy
   770 | D:2      | Reached skill level 1 in Translocations
   770 | D:2      | Reached skill level 1 in Transmutations
   770 | D:2      | Reached skill level 1 in Fire Magic
   770 | D:2      | Reached skill level 1 in Ice Magic
   770 | D:2      | Reached skill level 1 in Air Magic
   770 | D:2      | Reached skill level 1 in Earth Magic
   770 | D:2      | Reached skill level 1 in Poison Magic
   770 | D:2      | Reached skill level 1 in Evocations
   770 | D:2      | Reached XP level 4. HP: 40/41 MP: 4/6
   770 | D:2      | Reached XP level 5. HP: 46/47 MP: 4/7
   917 | D:2      | Reached XP level 6. HP: 17/53 MP: 8/8
  2011 | D:3      | Reached skill level 5 in Axes
  2587 | D:4      | Reached XP level 7. HP: 59/59 MP: 10/10
  2588 | D:4      | Found a basalt altar of Yredelemnul.
  2952 | D:4      | Found a white marble altar of Elyvilon.
  2954 | D:4      | Found a glowing golden altar of the Shining One.
  2964 | D:4      | Found a sparkling altar of Nemelex Xobeh.
  3535 | D:4      | Found an opulent altar of Gozag.
  3676 | D:5      | Entered Level 5 of the Dungeon
  4369 | D:6      | Reached XP level 8. HP: 67/67 MP: 12/12
  4827 | D:6      | Found a sacrificial altar of Ru.
  4837 | D:6      | Found a deep blue altar of Sif Muna.
  4839 | D:6      | Found a blossoming altar of Fedhas.
  5135 | D:6      | Found a snail-covered altar of Cheibriados.
  5186 | D:6      | You fall through a shaft!
  5196 | D:7      | Found a bloodstained altar of Trog.
  5205 | D:7      | Gained mutation: You are partially covered in icy blue scales. (AC +2) [potion of mutation]
  5205 | D:7      | Gained mutation: You tend to lose your temper in combat. [potion of mutation]
  5205 | D:7      | Gained mutation: You have extremely sharp teeth. [potion of mutation]
  5214 | D:7      | HP: 5/100 [poisoned by a killer bee]
  5215 | D:7      | Slain by a killer bee

Vault maps used:
D:1:      tarquinn_simple_flora_water_a
D:2:      ashenzari_altar_1, kennysheep_generic_room_11, uniq_sigmund,
          uniq_jessica
D:4:      black_bear_nest_2, marbit_many_paths,
          nicolae_overflow_quartered_altars
D:5:      first_ration
D:6:      slow_altar_2, minitemple
D:7:      nicolae_whirlpool, okawaru_gym_becter, trog_ov_bears_minmay,
          minmay_temple_entry_hall, basic_altar

Skill      XL: |  1  2  3  4  5  6  7  8 |
---------------+-------------------------+-----
Invocations    | 1 2 3 |  3.6
Short Blades   | 1 2 3 |  3.2
Long Blades    | 1 2 3 |  3.2
Maces & Flails | 1 2 3 |  3.2
Polearms       | 1 2 3 |  3.2
Staves         | 1 2 3 |  3.2
Slings         | 1 2 3 |  3.2
Bows           | 1 2 3 |  3.2
Crossbows      | 1 2 3 |  3.2
Throwing       | 1 2 3 |  3.2
Dodging        | 1 2 3 |  3.2
Stealth        | 1 2 3 |  3.2
Unarmed Combat | 1 2 3 |  3.2
Spellcasting   | 1 2 3 |  3.2
Conjurations   | 1 2 |  2.6
Hexes          | 1 2 |  2.6
Charms         | 1 2 |  2.6
Summonings     | 1 2 |  2.6
Necromancy     | 1 2 |  2.6
Translocations | 1 2 |  2.6
Transmutations | 1 2 |  2.6
Fire Magic     | 1 2 |  2.6
Ice Magic      | 1 2 |  2.6
Air Magic      | 1 2 |  2.6
Earth Magic    | 1 2 |  2.6
Poison Magic   | 1 2 |  2.6
Evocations     | 1 2 3 |  3.2
Axes           | 5 |  5.7
Fighting       | 7 |  7.4
Armour         | 7 |  7.4
Shields        | 7 |  7.4

Action                   |  1- 3 |  4- 6 |  7- 9 || total
-------------------------+-------+-------+-------++-------
Melee: War axe           |    63 |   105 |   183 ||   351
       Bite              |     9 |    18 |    30 ||    57
       Flail             |       |       |    62 ||    62
Throw: Tomahawk          |       |     1 |     5 ||     6
  Use: Scroll            |       |       |     7 ||     7
       Potion            |       |       |     6 ||     6
  Eat: Chunk             |       |     5 |     9 ||    14
Armor: Scale mail        |    26 |    37 |    71 ||   134
       Plate armour      |       |       |    72 ||    72
       Skin              |       |       |    24 ||    24
Dodge: Dodged            |    24 |    34 |    71 ||   129
Block: Shield            |    59 |    80 |   185 ||   324

Table legend:
 A = Spawn XP
 B = Non-spawn XP
 C = Spawn XP percentage of total XP
 D = Spawn monster count
 E = Non-spawn monster count
 F = Spawn count percentage of total count
 G = Total turns spent on level
                    A         B        C        D         E        F      G
               +---------+---------+-------+---------+---------+-------+---------
         Total |       0 |    1776 |   0.0 |       0 |     110 |   0.0 |  5215
               +---------+---------+-------+---------+---------+-------+---------
           D:1 |       0 |      40 |   0.0 |       0 |      17 |   0.0 |   719
           D:2 |       0 |     359 |   0.0 |       0 |      18 |   0.0 |  1158
           D:3 |       0 |      90 |   0.0 |       0 |      25 |   0.0 |   667
           D:4 |       0 |     430 |   0.0 |       0 |      22 |   0.0 |  1137
           D:5 |       0 |     237 |   0.0 |       0 |      13 |   0.0 |   553
           D:6 |       0 |     573 |   0.0 |       0 |      13 |   0.0 |   952
           D:7 |       0 |      47 |   0.0 |       0 |       2 |   0.0 |    29
               +---------+---------+-------+---------+---------+-------+---------
